 Dungeon Crawl Stone Soup version 0.27-a0-1136-g0b992a5a9d (webtiles) character file.

Game seed: 17475282286124188712

64 funkygono the Firebug (level 4, -3/24 HPs)
             Began as a Gargoyle Fire Elementalist on May 5, 2021.
             Slain by an iguana (5 damage)
             ... on level 4 of the Dungeon.
             The game lasted 00:02:21 (1527 turns).

funkygono the Firebug (Gargoyle Fire Elementalist)  Turns: 1527, Time: 00:02:22

Health: -3/24      AC:  5    Str: 12    XL:     4   Next: 12%
Magic:  0/8        EV: 12    Int: 16    God:
Gold:   29         SH:  0    Dex: 10    Spells: 7/8 levels left

rFire    . . .     SeeInvis .   i - +0 whip
rCold    . . .     Faith    .   (no shield)
rNeg     + . .     Spirit   .   a - +0 robe
rPois    ∞         Reflect  .   (no helmet)
rElec    +         Harm     .   (no cloak)
rCorr    .         Rampage  .   (no gloves)
Will     .....                  (no boots)
Stlth    ++........             (no amulet)
HPRegen  0.08/turn              (no ring)
MPRegen  0.11/turn              (no ring)

@: no status effects
A: sickness immunity, AC +3, negative energy resistance 1, electricity
resistance, torment resistance 1, unbreathing 1, petrification resistance
a: no special abilities


You were on level 4 of the Dungeon.
You visited 1 branch of the dungeon, and saw 3 of its levels.

You collected 29 gold pieces.

Inventory:

Hand Weapons
 f - a +0 dagger
 i - a +0 whip (weapon)
Missiles
 c - 74 stones
Armour
 a - a +0 robe (worn)
 b - a +0 ring mail
Magical Staves
 j - a staff of cold
Scrolls
 e - a scroll of teleportation {unknown}
 g - a scroll of identify
Potions
 d - 2 potions of curing
 h - a potion of heal wounds {unknown}
 k - a potion of might {unknown}


   Skills:
 + Level 2.0 Dodging
 - Level 2.1 Stealth
 * Level 2.8 Spellcasting
 * Level 1.8 Conjurations
 * Level 3.7 Fire Magic


You had 7 spell levels left.
You knew the following spells:

 Your Spells              Type           Power      Damage    Failure   Level
a - Foxfire               Conj/Fire      44%        2x1d6     6%          1

Your spell library contained the following spells:

 Spells                   Type           Power      Damage    Failure   Level
 Conjure Flame            Conj/Fire      11%        6-21      19%         3
 Inner Flame              Hex/Fire       8%         N/A       26%         3
 Sticky Flame             Conj/Fire      11%        2d3       52%         4
 Fireball                 Conj/Fire      5%         3d5       86%         5


Dungeon Overview and Level Annotations

Branches:
Dungeon (2/15)

Altars:


Innate Abilities, Weirdness & Mutations

You are immune to sickness and miasma.
Your stone body is resilient. (AC +3)
You are immune to poison.
You resist negative energy. (rN+)
You are resistant to electric shocks. (rElec)
You are resistant to unholy torment.
You can survive without breathing.
You are immune to petrification.


Message History

The iguana bites you.
You barely miss the iguana.
The iguana is heavily wounded.
The foxfire hits the iguana but does no damage.
The iguana is heavily wounded.
The iguana bites you but does no damage.
You closely miss the iguana.
The iguana is heavily wounded.
The iguana barely misses you.
You barely miss the iguana.
The iguana is heavily wounded.
The iguana closely misses you.
You barely miss the iguana.
The iguana is heavily wounded.
The iguana bites you!
Casting: Foxfire (safe; 6% risk of failure)
Confirm with . or Enter, or press ? or * to list all spells.
You conjure some foxfire!
The iguana misses you.
Unknown command.
You closely miss the iguana.
The iguana is heavily wounded.
The foxfire hits the iguana.
The iguana is severely wounded.
The foxfire hits the iguana.
The iguana is severely wounded.
The iguana bites you!
* * * LOW HITPOINT WARNING * * *
You feel better. The iguana bites you!
* * * LOW HITPOINT WARNING * * *
You closely miss the iguana.
The iguana is severely wounded.
The iguana closely misses you.
Casting: Foxfire (safe; 6% risk of failure)
Confirm with . or Enter, or press ? or * to list all spells.
You don't have enough magic to cast this spell.
Unknown command.
You hit the iguana but do no damage.
The iguana is severely wounded.
The iguana bites you.
You die...

... ... #.# #.# #.#
#.#######
######.......#
#....#.l.....######
#.##.#.@..........#
#.##.##.###.#####.
#.##......#.#
#.....#.#.#.#
#####.#.#.#.#######
#.#.#.#.......#
#.#.#.#########
#.#.#.# #.#.#.#


You could see an iguana.

Vanquished Creatures
  A hound (D:4)
  An adder (D:4)
  A worm (D:2)
  A dart slug (D:2)
  2 bats (D:2)
  An endoplasm (D:2)
  2 giant cockroaches (D:1)
  4 goblins
  3 hobgoblins (D:2)
  2 kobolds (D:1)
  A quokka (D:2)
  2 frilled lizards (D:1)
  A rat (D:1)
22 creatures vanquished.

Vanquished Creatures (others)
  68 foxfires
68 creatures vanquished.

Grand Total: 90 creatures vanquished

Notes
Turn   | Place    | Note
-------+----------+-------------------------------------------
     0 | D:1      | funkygono the Gargoyle Fire Elementalist began the quest
                  | for the Orb.
     0 | D:1      | Reached XP level 1. HP: 10/10 MP: 3/3
   457 | D:1      | Reached XP level 2. HP: 14/15 MP: 0/5
  1275 | D:2      | Reached XP level 3. HP: 13/19 MP: 1/6
  1433 | D:2      | You fall into a shaft and drop 2 floors!
  1515 | D:4      | Reached XP level 4. HP: 24/24 MP: 3/8
  1527 | D:4      | Slain by an iguana

Illustrated notes

Levels and vault maps discovered:
D:1:      psy_arrival_fountain, layout_basic
D:2:      layout_basic
D:4:      layout_basic, serial_shops, shop, shop_statue, shop, shop,
          kennysheep_mini, kennysheep_generic_room_2

Skill      XL: |  1  2  3 |
---------------+----------+-----
Dodging        | 2 |  2.0
Stealth        | |  2.1
Spellcasting   | |  2.8
Conjurations   | |  1.8
Fire Magic     | |  3.7

Action                   |  1- 3 |  4- 6 || total
-------------------------+-------+-------++-------
Melee: Dagger            |     7 |       ||     7
       Whip              |     7 |     7 ||    14
 Cast: Foxfire           |    36 |     4 ||    40
  Use: Scroll            |     2 |       ||     2
       Potion            |       |     1 ||     1
Armor: Robe              |    11 |     1 ||    12
Dodge: Dodged            |    17 |     4 ||    21

Table legend: (Time is in decaauts)
 A = Elapsed time spent in this place.
 B = Non-inter-level travel time spent in this place.
 C = Inter-level travel time spent in this place.
 D = Time resting spent in this place.
 E = Time spent auto-exploring this place.
 F = Levels seen in this place.
 G = Mean time per level.
                   A        B        C        D        E       F      G
               +--------+--------+--------+--------+--------+-----+--------+
         Total |   1526 |   1517 |      9 |      0 |   1276 |   3 |  508.7 |
       Dungeon |   1526 |   1517 |      9 |      0 |   1276 |   3 |  508.7 |
               +--------+--------+--------+--------+--------+-----+--------+

Top non-repeatable levels by time:
     D:1: 889 daAuts
     D:2: 543 daAuts
     D:4: 94 daAuts
